 Dungeon Crawl Stone Soup version 0.31-a0-1611-g890cdf5628 (webtiles) character file.

Game seed: 14966330818141745333

104 Laraso the Magician (level 4, -11/33 HPs)
             Began as a Draconian Fire Elementalist on Jan 8, 2024.
             Killed by divine providence
             ... invoked by an orc priest
              (13 damage)
             ... on level 3 of the Dungeon.
             The game lasted 00:02:43 (2573 turns).

Laraso the Magician (Draconian Fire Elementalist)   Turns: 2573, Time: 00:02:43

Health: -11/33     AC:  5    Str: 11    XL:     4   Next: 52%
Magic:  4/10       EV: 12    Int: 17    God:
Gold:   160        SH:  0    Dex: 11    Spells: 8/11 levels left

rFire   . . .        b - +0 spear
rCold   . . .        (no shield)
rNeg    . . .        (body armour unavailable)
rPois   .            (helmet restricted)
rElec   .            (no cloak)
rCorr   .            (no gloves)
SInv    .            (no boots)
Will    .....        (no amulet)
Stlth   ++           (no ring)
HPRegen 0.25/turn    (no ring)
MPRegen 0.12/turn

%: no passive effects
@: no status effects
A: AC +5, unfitting armour, cold-blooded
a: no special abilities


You were on level 3 of the Dungeon.
You visited 1 branch of the dungeon, and saw 3 of its levels.

You collected 160 gold pieces.

Inventory:

Hand Weapons
 b - a +0 spear (weapon)
Scrolls
 c - a scroll of teleportation {unknown}
 d - a scroll of identify {unknown}
 e - 2 scrolls of blinking {unknown}
 g - a scroll of enchant weapon {unknown}
Potions
 a - a potion of magic
 f - a potion of haste {unknown}


   Skills:
 - Level 1.7 Dodging
 - Level 1.7 Stealth
 - Level 4.0 Spellcasting
 * Level 1.7 Conjurations
 * Level 3.3 Fire Magic


You had 8 spell levels left.
You knew the following spells:

 Your Spells              Type           Power      Damage    Failure   Level
a - Foxfire               Conj/Fire      48%        2x1d6     5%          1
b - Scorch                Fire           28%        2d6       6%          2

Your spell library contained the following spells:

 Spells                   Type           Power      Damage    Failure   Level
 Freeze                   Ice            12%        1d3       16%         1
 Inner Flame              Hex/Fire       9%         N/A       24%         3
 Volatile Blastmotes      Fire/Tloc      18%        2d11      24%         3
 Hailstorm                Conj/Ice       6%         3d5       32%         3
 Frozen Ramparts          Ice            6%         1d1       43%         3
 Flame Wave               Conj/Fire      12%        2d6       50%         4


Dungeon Overview and Level Annotations

Branches:
Dungeon (3/15)

Altars:

Shops:
D:1 !   D:2 *


Innate Abilities, Weirdness & Mutations

Your plain brown scales are hard. (AC +5)
You cannot fit into any form of body armour.
You are cold-blooded and may be slowed by cold attacks.


Message History

The orc is heavily wounded.
The orc barely misses you.
You conjure some foxfire!
The orc misses you.
The orc hits your foxfire with a +0 hand axe.
The foxfire hits the orc but does no damage.
The orc is heavily wounded.
The foxfire hits the orc.
The orc is almost dead.
The orc priest calls upon Beogh to heal the orc.
The orc is healed somewhat.
You conjure some foxfire!
The orc priest mumbles some strange prayers to Beogh against you.
Beogh smites you! The orc misses you.
The orc hits your foxfire with a +0 hand axe. x2
The foxfire hits the orc.
The orc is lightly wounded.
The foxfire hits the orc.
The orc is almost dead.
The orc closely misses you.
You conjure some foxfire!
The orc priest hits you with a +0 club. The orc closely misses you.
The orc hits your foxfire with a +0 hand axe.
The foxfire hits the orc but does no damage.
The orc is almost dead.
The orc priest barely misses you. The orc barely misses you.
You conjure some foxfire!
The orc priest hits you with a +0 club. The orc barely misses you.
The orc hits your foxfire with a +0 hand axe.
The foxfire hits the orc but does no damage.
The orc is almost dead.
The orc priest closely misses you. The orc hits you but does no damage.
You are too injured to fight recklessly!
The orc priest closely misses you. The orc hits you with a +0 hand axe.
The orc priest invokes the aid of Beogh against you.
Beogh smites you!
* * * LOW HITPOINT WARNING * * *
You are too injured to fight recklessly!
The orc priest mumbles some strange prayers to Beogh against you.
Beogh smites you!
You die...

####.#.##.⌠...⌠.#
.....#..#.......#
######.))...⌠...+
.).....##.......#
#########.⌠...⌠.#
#.......#
####'#####
#...#.# ###.o@#
###o# #o# #o#
#........
..>......
$......o..
...#....... ....
.......


You could see 2 orc priests and 2 orcs.

Vanquished Creatures
  An orc wizard (D:3)
  2 adders (D:2)
  A dart slug (D:1)
  4 orcs (D:3)
  8 bats
  5 endoplasms
  5 giant cockroaches
  6 goblins
  5 hobgoblins
  3 quokkas
  2 ball pythons (D:1)
  4 frilled lizards
  3 kobolds (D:2)
  A rat (D:2)
50 creatures vanquished.

Vanquished Creatures (others)
  209 foxfires
209 creatures vanquished.

Grand Total: 259 creatures vanquished

Notes
Turn   | Place    | Note
-------+----------+-------------------------------------------
     0 | D:1      | Laraso the Draconian Fire Elementalist began the quest for
                  | the Orb.
     0 | D:1      | Reached XP level 1. HP: 14/14 MP: 3/3
   401 | D:1      | Found Ushro's Distillery.
   412 | D:1      | Reached XP level 2. HP: 20/20 MP: 3/5
   416 | D:1      | Learned a level 2 spell: Scorch
   654 | D:1      | Reached skill level 3 in Spellcasting
  1185 | D:2      | Reached XP level 3. HP: 20/26 MP: 2/7
  1792 | D:2      | Found a faded altar of an unknown god.
  1868 | D:2      | Reached skill level 4 in Spellcasting
  1969 | D:2      | Found Dipnaso's Assorted Antiques.
  2295 | D:3      | Reached XP level 4. HP: 33/33 MP: 6/10
  2572 | D:3      | HP: 1/33 [orc priest/divine providence (14)]
  2573 | D:3      | Killed from afar by an orc priest

Illustrated notes

Levels and vault maps discovered:
D:1:      lordsloth_arrival_two_stooges, layout_basic, serial_shops, shop
D:2:      layout_rooms, chequers_ecumenical_altar_grove, serial_shops,
          nicolae_shop_pleasant_corner_grove
D:3:      layout_basic, mainiacjoe_overflow_surrounded_room,
          minmay_crystal_room, minmay_fountain_box

Skill      XL: |  1  2  3 |
---------------+----------+-----
Spellcasting   | 3 4 |  4.0
Dodging        | |  1.7
Stealth        | |  1.7
Conjurations   | |  1.7
Fire Magic     | |  3.3

Action                     |  1- 3 |  4- 6 || total
---------------------------+-------+-------++-------
  Melee: Unarmed           |     5 |       ||     5
         Spear             |    18 |     6 ||    24
         Tailslap          |     2 |     2 ||     4
   Cast: Foxfire           |   102 |    25 ||   127
   Stab: Sleeping          |     3 |     1 ||     4
 Armour: Skin              |    13 |    10 ||    23
  Dodge: Dodged            |    18 |    19 ||    37

Table legend: (Time is in decaauts)
 A = Elapsed time spent in this place.
 B = Non-inter-level travel time spent in this place.
 C = Inter-level travel time spent in this place.
 D = Time resting spent in this place.
 E = Time spent auto-exploring this place.
 F = Levels seen in this place.
 G = Mean time per level.
                   A        B        C        D        E       F      G
               +--------+--------+--------+--------+--------+-----+--------+
         Total |   2574 |   2480 |     94 |     30 |   2127 |   3 |  858.0 |
       Dungeon |   2574 |   2480 |     94 |     30 |   2127 |   3 |  858.0 |
               +--------+--------+--------+--------+--------+-----+--------+

Top non-repeatable levels by time:
     D:2: 1208 daAuts
     D:1: 1083 daAuts
     D:3: 282 daAuts
